 Dungeon Crawl Stone Soup version 0.29-a0-284-gf9362112df (webtiles) character file.

Game seed: 10557084544635529766

48533 sammy202020 the Severer (level 14, -1/205 HPs)
             Began as a Minotaur Berserker on Mar 22, 2022.
             Was a High Priest of Trog.
             Slain by a cyan very ugly thing (26 damage)
             ... on level 15 of the Dungeon.
             The game lasted 00:29:28 (16008 turns).

sammy202020 the Severer (Minotaur Berserker)       Turns: 16008, Time: 00:29:29

Health: -1/205     AC:  9    Str: 29    XL:     14   Next: 12%
Magic:  13/13      EV: 20    Int:  8    God:    Trog [*****.]
Gold:   1848       SH:  0    Dex: 16    Spells: 13/13 levels left

rFire   . . .      SeeInvis +   V - +2 executioner's axe (vorpal)
rCold   . . .      Faith    .   (shield currently unavailable)
rNeg    + . .      Spirit   .   w - +1 scale mail of Resonance {Drain rN+ Dex+6 SInv}
rPois   .          Reflect  .   K - +2 hat
rElec   .          Harm     .   l - +1 cloak
rCorr   .          Rampage  .   J - +0 pair of gloves
Will    +....                   O - +2 pair of boots {Fly}
Stlth   ..........              E - amulet of regeneration
HPRegen 1.24/turn               t - +4 ring of evasion
MPRegen 0.13/turn               D - +6 ring of strength

@: berserking, corroded, flying, very quick
A: horns 2, retaliatory headbutt
a: Renounce Religion, Berserk, Trog's Hand, Brothers in Arms


You were on level 15 of the Dungeon.
You worshipped Trog.
Trog was extremely pleased with you.
You visited 1 branch of the dungeon, and saw 15 of its levels.
You also visited: Bailey.

You collected 2254 gold pieces.
You spent 406 gold pieces at shops.

Inventory:

Hand Weapons
 y - a +1 battleaxe
 R - a +4 great mace
 V - a +2 vorpal executioner's axe (weapon)
Missiles
 e - 52 poisoned darts (quivered)
 f - 3 atropa-tipped darts
 u - 3 boomerangs
 I - a curare-tipped dart
 M - 4 throwing nets
 P - 6 datura-tipped darts
Armour
 l - a +1 cloak (worn)
 q - a +0 plate armour
 w - the +1 scale mail of Resonance (worn) {Drain rN+ Dex+6 SInv}
   (You found it on level 6 of the Dungeon)

   Dex:       It affects your dexterity (+6).
   rN:        It protects you from negative energy.
   SInv:      It lets you see invisible.
   Drain:     It drains your maximum health when unequipped.
 J - a +0 pair of gloves (worn)
 K - a +2 hat (worn)
 O - a +2 pair of boots of flying (worn)
Jewellery
 t - a +4 ring of evasion (left hand)
 B - an amulet of guardian spirit
 C - a ring of see invisible
 D - a +6 ring of strength (right hand)
 E - an amulet of regeneration (around neck)
 F - an amulet of magic regeneration
 Q - a +6 ring of intelligence
 T - a ring of positive energy
Wands
 m - a wand of charming (5)
 r - a wand of flame (29)
 N - a wand of polymorph (4)
 U - a wand of acid (1)
Scrolls
 i - 12 scrolls of teleportation
 j - 4 scrolls of identify
 k - a scroll of silence
 G - 3 scrolls of fog
 H - a scroll of enchant weapon
Potions
 b - 3 potions of magic
 c - 3 potions of berserk rage
 d - a potion of might
 g - 5 potions of brilliance
 h - 2 potions of degeneration
 n - a potion of ambrosia
 o - 4 potions of lignification
 p - 3 potions of haste
 s - a potion of mutation
 v - 5 potions of curing
 x - a potion of flight
 z - 3 potions of heal wounds
 A - 4 potions of attraction
 L - 2 potions of resistance
 S - a potion of cancellation
Miscellaneous
 a - a phial of floods


   Skills:
 * Level 16.1 Fighting
 * Level 16.2 Axes
 * Level 15.9 Armour
 + Level 10.8 Dodging


You had 13 spell levels left.
You didn't know any spells.
Your spell library was empty.

Dungeon Overview and Level Annotations

Branches:
Dungeon (15/15)            Temple (0/1) D:7            Lair (0/6) D:9
    Orc (0/2) D:10         Vaults (0/5) D:13         Depths (0/4) D:15
 Bailey (visited)

Altars:
Elyvilon
Fedhas
Gozag
Hepliaklqana
Kikubaaqudgha
Makhleb
Sif Muna
Trog
Uskayaw
Xom
Zin
Beogh

Shops:
D:5 *   D:7 ([(   D:11 [

Portals:
Abyss: D:7
Trove: D:13 (give +4 storm dragon scales)

Annotations:
D:7 2 transporters, Cecur's ghost, novice DrEE


Innate Abilities, Weirdness & Mutations

You have a pair of horns on your head.
You reflexively headbutt those who attack you in melee.


Message History

The brown very ugly thing is moderately wounded.
The brown very ugly thing basks in the mutagenic energy from its kin and changes!
You closely miss the cyan very ugly thing.
Your headbutt misses the cyan very ugly thing.
The cyan very ugly thing is moderately wounded.
You closely miss the cyan very ugly thing.
You headbutt the cyan very ugly thing!
The cyan very ugly thing is heavily wounded.
The brown very ugly thing gores you. The acid corrodes you!
You are splashed with acid!
The cyan very ugly thing tentacle-slaps you.
The cyan very ugly thing shocks you!!
The brown very ugly thing attacks as you move away!
The brown very ugly thing gores you but does no damage.
You slice the brown very ugly thing like a ripe choko!!!
Your headbutt misses the brown very ugly thing.
The brown very ugly thing is heavily wounded.
You slice the cyan very ugly thing!! The brown very ugly thing gores you!
You are splashed with acid!
The cyan very ugly thing closely misses you.
You slash the brown very ugly thing!
Your headbutt misses the brown very ugly thing.
The brown very ugly thing is heavily wounded.
You slash the cyan very ugly thing! The brown very ugly thing gores you.
The acid corrodes you!
You are splashed with acid.
The cyan very ugly thing completely misses you.
The brown very ugly thing closely misses you.
A red film seems to cover your vision as you go berserk!
You feel yourself moving faster!
You feel mighty! The cyan very ugly thing misses you.
The brown very ugly thing gores you!
* * * LOW HITPOINT WARNING * * *
The acid corrodes you!
You are splashed with acid.
* * * LOW HITPOINT WARNING * * *
You closely miss the brown very ugly thing.
The brown very ugly thing is heavily wounded.
You hit the cyan very ugly thing but do no damage.
The cyan very ugly thing tentacle-slaps you!!
* * * LOW HITPOINT WARNING * * *
The cyan very ugly thing shocks you!!
You die...

#...<.....#.. #.....#...##.
#........... ######(......###..
#.........#### #..#.##...........
#........##..###.)...#.##...##...
#.......##....#..##.##...........
#.......')......###†.#..........#
#.......##....###....#.#.#.......
#........##..####u####.........#.
#.........#### #@u.##............
#<........#####.....###..........
##..........(#.......#........#..
##........####.)...##........#..
#...........###>###..###......
#.......#########...## ..##.#
#.......# ####.....## .##
###..##.###.....#....#
#.#.......###...##.....


You could see 2 very ugly things.

Vanquished Creatures
  Jorgrun (D:14)
  A fire dragon (D:8)
  A great orb of eyes (D:15)
  4 vault guards (D:13)
  Harold (D:11)
  3 rakshasas
  2 hydras
  5 centaur warriors
  The ghost of YayAnonymity the Basher, a novice TrBe of Trog (D:8)
  4 two-headed ogres
  2 death knights
  5 skeletal warriors
  2 deep elf pyromancers
  A harpy (shapeshifter) (D:15)
  An orc knight (D:13)
  14 ugly things
  7 cyclopes
  A manticore (D:12)
  4 gargoyles
  An efreet (D:14)
  3 kobold demonologists (D:10)
  3 freezing wraiths (D:13)
  A yaktaur (shapeshifter) (D:14)
  A komodo dragon (D:12)
  4 tengu conjurers
  5 trolls
  2 hornets
  15 slime creatures
  4 wraiths
  2 shadows
  8 yaks
  2 basilisks
  7 humans (D:13)
  11 vampire mosquitoes
  2 acid dragons
  A floating eye (shapeshifter) (D:15)
  3 water moccasins
  4 black bears
  3 ice beasts
  14 orc warriors
  A sky beast (D:6)
  5 ogres
  5 centaurs
  A phantom (D:6)
  6 kobold brigands
  A gnoll sergeant (D:12)
  3 bullfrogs
  3 scorpions
  7 killer bees
  3 vampire bats (D:6)
  10 howler monkeys
  6 spriggan skeletons (D:9)
  A troll skeleton (D:9)
  4 hounds
  4 jellies
  7 orc priests
  2 gnoll shamans
  Terence (D:3)
  2 iguanas
  9 orc wizards
  5 adders
  13 gnolls
  A shadow imp (D:5)
  4 white imps
  An ufetubus (D:5)
  6 worms
  2 dart slugs
  82 orcs
  A bat skeleton (D:6)
  3 bat zombies (D:6)
  22 endoplasms
  4 giant cockroaches
  8 goblins
  5 hobgoblins
  3 jackals (D:1)
  4 quokkas
  12 ball pythons
  5 bats
  5 frilled lizards
  30 kobolds
  8 rats
461 creatures vanquished.

Vanquished Creatures (others)
  A vault guard (D:13)
  12 fungi (D:6)
  A plant (D:9)
14 creatures vanquished.

Grand Total: 475 creatures vanquished

Notes
Turn   | Place    | Note
-------+----------+-------------------------------------------
     0 | D:1      | sammy202020 the Minotaur Berserker began the quest for the
                  | Orb.
     0 | D:1      | Reached XP level 1. HP: 19/19 MP: 0/0
   192 | D:1      | Reached XP level 2. HP: 25/27 MP: 1/1
   557 | D:1      | Reached ** piety under Trog
   571 | D:1      | Reached XP level 3. HP: 33/33 MP: 2/2
  1196 | D:2      | Found a faded altar of an unknown god.
  1342 | D:2      | Reached XP level 4. HP: 41/41 MP: 3/3
  2246 | D:3      | Noticed a black bear
  2258 | D:3      | Killed a black bear
  2259 | D:3      | Reached skill level 5 in Fighting
  2259 | D:3      | Reached skill level 5 in Axes
  2259 | D:3      | Reached XP level 5. HP: 20/48 MP: 4/4
  2483 | D:3      | Noticed Terence
  2502 | D:3      | Killed Terence
  2523 | D:3      | Reached *** piety under Trog
  3172 | D:4      | Reached XP level 6. HP: 51/56 MP: 5/5
  3991 | D:4      | Noticed a water moccasin
  4010 | D:4      | Killed a water moccasin
  4011 | D:4      | Reached skill level 5 in Armour
  4022 | D:4      | Identified a scroll of acquirement
  4022 | D:4      | Acquired 1125 gold pieces
  4322 | D:4      | Reached XP level 7. HP: 61/63 MP: 6/6
  4405 | D:5      | Entered Level 5 of the Dungeon
  4576 | D:5      | Noticed a hornet
  4714 | D:5      | Paralysed by a hornet for 2 turns
  4716 | D:5      | Killed a hornet
  5000 | D:5      | Found Xyugimim's Assorted Antiques.
  5004 | D:5      | Reached XP level 8. HP: 43/73 MP: 7/7
  5921 | D:6      | Reached skill level 5 in Dodging
  6493 | D:6      | Reached XP level 9. HP: 75/82 MP: 8/8
  6511 | D:6      | Identified the +1 scale mail of Resonance {Drain rN+ Dex+6
                  | SInv}
  6818 | D:6      | You fall into a shaft and drop 1 floor!
  7160 | D:7      | Found Nocodyxu's Weapon Boutique.
  7279 | D:6      | Noticed a cyclops
  7293 | D:6      | Killed a cyclops
  7949 | D:6      | Found an ancient bone altar of Kikubaaqudgha.
  7951 | D:6      | Reached **** piety under Trog
  8070 | D:7      | Found a transporter.
  8087 | D:7      | Found a one-way gate to the infinite horrors of the Abyss.
  8087 | D:7      | Noticed Cecur's ghost (novice DrEE)
  8147 | D:7      | Noticed a toenail golem
  8282 | D:7      | Found a transporter.
  8297 | D:7      | Found Ipsuest's Antique Weapon Emporium.
  8306 | D:7      | Found Puiwa's Armour Shoppe.
  8407 | D:7      | Found a staircase to the Ecumenical Temple.
  8528 | D:7      | Reached XP level 10. HP: 86/93 MP: 9/9
  8604 | D:7      | Reached skill level 10 in Fighting
  8604 | D:7      | Reached skill level 10 in Axes
  8857 | D:8      | Found a runed translucent gate.
  8857 | D:8      | Found a runed translucent gate.
  8857 | D:8      | Found a runed translucent gate.
  8860 | D:8      | Noticed YayAnonymity's ghost (novice TrBe)
  9070 | D:8      | Found an opulent altar of Gozag.
  9070 | D:8      | Noticed a fire dragon
  9092 | D:8      | Killed a fire dragon
  9093 | D:8      | Reached skill level 10 in Armour
  9097 | D:8      | Killed YayAnonymity's ghost
  9396 | D:8      | Found a flagged portal.
  9412 | Bailey   | Entered a bailey
  9808 | D:8      | Found a bloodstained altar of Trog.
  9816 | D:8      | Found a blossoming altar of Fedhas.
  9821 | D:8      | Found a glowing silver altar of Zin.
  9828 | D:8      | Found a white marble altar of Elyvilon.
  9834 | D:8      | Found a hide-covered altar of Uskayaw.
  9842 | D:8      | Found a shimmering altar of Xom.
  9847 | D:8      | Found a burning altar of Makhleb.
  9983 | D:9      | Noticed a two-headed ogre
  9996 | D:9      | Killed a two-headed ogre
 10140 | D:9      | Noticed a two-headed ogre
 10147 | D:9      | Killed a two-headed ogre
 10311 | D:9      | Reached XP level 11. HP: 88/102 MP: 10/10
 10349 | D:9      | Found a staircase to the Lair.
 10487 | D:9      | Found a hazy altar of Hepliaklqana.
 10643 | D:10     | Entered Level 10 of the Dungeon
 10693 | D:10     | Reached ***** piety under Trog
 10778 | D:10     | Found a staircase to the Orcish Mines.
 11021 | D:10     | Received a gift from Trog
 11179 | D:10     | Noticed a six-headed hydra
 11188 | D:10     | Killed a six-headed hydra
 11866 | D:11     | Noticed a five-headed hydra
 11876 | D:11     | Killed a six-headed hydra
 11956 | D:11     | Noticed a brown ugly thing
 11960 | D:11     | Killed a brown ugly thing
 12170 | D:11     | Noticed a purple ugly thing
 12176 | D:11     | Killed a purple ugly thing
 12198 | D:11     | Noticed Harold
 12210 | D:11     | Noticed a two-headed ogre
 12216 | D:11     | Killed Harold
 12217 | D:11     | Reached XP level 12. HP: 94/115 MP: 11/11
 12219 | D:11     | Killed a two-headed ogre
 12433 | D:11     | Found Damoz's Antique Armour Boutique.
 12441 | D:11     | Bought an embroidered hat for 196 gold pieces
 12441 | D:11     | Bought a pair of runed boots for 210 gold pieces
 13122 | D:12     | Found a shimmering blue altar of Sif Muna.
 13349 | D:13     | Found a portal to a secret trove of treasure.
 13386 | D:13     | Noticed a centaur warrior
 13388 | D:13     | Noticed a death knight
 13398 | D:13     | Killed a centaur warrior
 13405 | D:13     | Killed a death knight
 13495 | D:13     | Killed a vault guard
 13546 | D:13     | Noticed a centaur warrior
 13553 | D:13     | Killed a centaur warrior
 13762 | D:13     | Noticed a vault guard
 13762 | D:13     | Noticed a vault guard
 13762 | D:13     | Noticed a vault guard
 13763 | D:13     | Noticed a vault guard
 13773 | D:13     | Killed a vault guard
 13777 | D:13     | Reached XP level 13. HP: 122/125 MP: 9/12
 13798 | D:13     | Found a gate to the Vaults.
 14176 | D:13     | Reached skill level 10 in Dodging
 14428 | D:14     | Reached skill level 15 in Axes
 14506 | D:14     | Reached skill level 15 in Fighting
 14870 | D:14     | Noticed Jorgrun
 14884 | D:14     | Killed Jorgrun
 14885 | D:14     | Reached skill level 15 in Armour
 15571 | D:15     | Entered Level 15 of the Dungeon
 15749 | D:15     | Reached XP level 14. HP: 74/136 MP: 13/13
 15957 | D:15     | Received a gift from Trog
 15994 | D:15     | Noticed a red very ugly thing
 15996 | D:15     | Found a staircase to the Depths.
 15996 | D:15     | Noticed a brown very ugly thing
 16008 | D:15     | Slain by a cyan very ugly thing

Illustrated notes

Levels and vault maps discovered:
D:1:      lightli_arrival_lavapool, layout_rooms, st_stairs_12,
          minmay_misc_feat_five, minmay_pentomino_t2
D:2:      layout_basic, shapermc_ecumenical_altar_mp_highgroup,
          dreamdust_princess_bridge
D:3:      layout_loops_corners, minmay_starry_boxes, uniq_terence
D:4:      layout_loops_corners
D:5:      nicolae_cairo_tiling_large, layout_basic, serial_shops,
          nicolae_take_the_stairs
D:6:      lemuel_slime, layout_rooms, kennysheep_vampire_church
D:7:      layout_loops_cross, minmay_temple_entry_enclosed_plants, serial_shops,
          shop, shop, nicolae_lakefront_shop, gammafunk_ghost_abyssal_escape
D:8:      layout_gridville, grunt_temple_overflow_octagram, enter_bailey_6,
          ebering_ghost_gozag
D:9:      corexii_shack_village, layout_rooms, kennysheep_mini,
          lair_entry_dummy, chequers_decorated_corner, hangedman_tell_no_tales
D:10:     layout_stronghold, hiddenorc2_lemuel
D:11:     layout_loops_corners, serial_shops, shop, uniq_harold
D:12:     layout_long_grid, special_room [special_room_orc],
          nicolae_sif_muna_little_library
D:13:     layout_cave_pods, ximxim_vaults_locker_room,
          nicolae_trove_entry_crystal
D:14:     layout_gridville, uniq_jorgrun
D:15:     gammafunk_enter_depths_forms, layout_rooms, roderic_roman_lattice

Skill      XL: |  1  2  3  4  5  6  7  8  9 10 11 12 13 14 |
---------------+-------------------------------------------+-----
Fighting       | 4 5 6 7 8 9 11 13 14 15 16 | 16.1
Axes           | 4 5 6 7 8 9 11 13 14 16 | 16.2
Armour         | 3 4 5 6 7 9 11 12 14 15 | 15.9
Dodging        | 3 4 5 6 7 8 9 10 | 10.8

Action                   |  1- 3 |  4- 6 |  7- 9 | 10-12 | 13-15 || total
-------------------------+-------+-------+-------+-------+-------++-------
Melee: Hand axe          |    93 |   136 |   195 |       |       ||   424
       Headbutt          |    21 |    15 |    55 |   120 |    62 ||   273
       Punch             |       |     2 |     4 |       |       ||     6
       Battleaxe         |       |       |    50 |   472 |   228 ||   750
       Dire flail        |       |       |       |     9 |       ||     9
       Executioner's axe |       |       |       |       |    15 ||    15
Invok: Berserk           |       |     1 |     5 |     8 |     5 ||    19
       Trog's Hand       |       |       |     3 |    10 |     3 ||    16
  Use: Scroll            |       |     6 |     2 |    21 |     1 ||    30
       Potion            |       |       |       |       |     4 ||     4
 Stab: Distracted        |       |       |       |       |     1 ||     1
Armor: Animal skin       |     8 |       |       |       |       ||     8
       Chain mail        |    25 |    26 |       |       |       ||    51
       Plate armour      |       |    58 |    85 |       |       ||   143
       Scale mail        |       |       |    25 |   191 |   100 ||   316
Dodge: Dodged            |    45 |    55 |   196 |   561 |   199 ||  1056

Table legend: (Time is in decaauts)
 A = Elapsed time spent in this place.
 B = Non-inter-level travel time spent in this place.
 C = Inter-level travel time spent in this place.
 D = Time resting spent in this place.
 E = Time spent auto-exploring this place.
 F = Levels seen in this place.
 G = Mean time per level.
                   A        B        C        D        E       F      G
               +--------+--------+--------+--------+--------+-----+--------+
         Total |  16189 |  15877 |    312 |    979 |  11528 |  16 | 1011.8 |
       Dungeon |  16165 |  15853 |    312 |    979 |  11517 |  15 | 1077.7 |
        Bailey |     23 |     23 |      0 |      0 |     11 |   1 |   23.0 |
               +--------+--------+--------+--------+--------+-----+--------+

Top non-repeatable levels by time:
     D:6: 1632 daAuts
     D:5: 1619 daAuts
     D:3: 1365 daAuts
     D:4: 1250 daAuts
    D:14: 1219 daAuts
     D:7: 1176 daAuts
     D:8: 1160 daAuts
    D:13: 1057 daAuts
    D:10: 1052 daAuts
     D:2: 1008 daAuts
    D:11: 1000 daAuts
     D:1: 804 daAuts
     D:9: 727 daAuts
    D:12: 680 daAuts
    D:15: 410 daAuts
